[Event "Baku Open 2024"]
[Site "Baku"]
[Date "2024.07.04"]
[Round "6.38"]
[White "Putrenko, Kirill"]
[Black "Aslanov, Umid"]
[Result "1/2-1/2"]
[ECO "D31"]
[WhiteElo "2349"]
[BlackElo "2216"]
[Annotator "TA"]
[PlyCount "114"]
[EventDate "2024.06.29"]
[EventType "swiss"]
[EventCountry "AZE"]
[SourceTitle "playchess.com"]
[Source "ChessBase"]
[SourceQuality "1"]
[TimeControl "5400+30"]

1. d4 d5 2. c4 e6 3. Nc3 Be7 4. cxd5 exd5 5. Bf4 c6 6. e3 Bd6 7. Bxd6 Qxd6 8. Bd3 Ne7 {[%emt 0:03:22] D31: Damengambit (Halbslawisch).} 9. Qc2 Qf6 10. Nge2 Bf5 11. O-O $146 ({Predecessor:} 11. Nf4 Bxd3 12. Qxd3 Nd7 13. O-O a5 14. b3 O-O 15. Rac1 Rfe8 16. Rfd1 Nf8 17. g3 Nfg6 18. Nxg6 Qxg6 19. Qxg6 hxg6 20. h4 Nf5 {½-½ Zanan,E (2486)-Papasimakopoulos,A (2416) Heraklion Tal Memorial 4th 2023 (3)}) 11... Bxd3 12. Qxd3 O-O 13. f3 Nd7 14. e4 Qg6 15. Rad1 Rfe8 16. Qd2 Nb6 17. b3 f6 18. Nf4 Qf7 19. Nd3 Ng6 20. Rfe1 Rad8 21. Qf2 Nf8 22. e5 fxe5 23. dxe5 Ne6 24. f4 g6 25. g4 Rf8 26. Rf1 $1 Qe7 (26... Qg7 $142) 27. f5 $16 Ng5 28. Qg2 d4 29. Ne4 Nxe4 30. Qxe4 Nd5 {[%emt 0:00:43] [#]} 31. Rde1 $1 (31. fxg6 Nc3 32. gxh7+ Kh8 $15) (31. Qxd4 Qg5 32. fxg6 (32. Qxa7 $2 Qxg4+ 33. Kh1 Qe4+ 34. Kg1 Ne3 $19) 32... hxg6 $14) 31... Ne3 32. Rf3 Qh4 {[%emt 0:02:35] [#]} (32... Rd5 $16 33. Kh1 (33. fxg6 Rxf3 34. Qxf3 hxg6 $11) 33... Re8 34. fxg6 Qg7 35. gxh7+ (35. Rf6 Rdxe5 36. gxh7+ Kh8 $11) 35... Qxh7 36. Qxh7+ Kxh7 37. Rf7+ Kg6 38. Rxb7 Rdxe5 39. Nxe5+ Rxe5) 33. f6 $1 $18 (33. fxg6 Rxf3 (33... Qxg4+ 34. Qxg4 Nxg4 35. gxh7+ Kxh7 36. Rh3+ Nh6 37. Re4 $16) 34. Qxf3 hxg6 $17) (33. Rg3 $2 Rxf5 34. e6 Rdf8 35. Rexe3 dxe3 36. Qxe3 Rf1+ 37. Kg2 Ra1 $19) 33... Rde8 34. Qxd4 Nxg4 35. Qc4+ (35. Qxa7 $2 Ra8 $19 (35... Nxh2 $2 36. Qe3 $19) (35... Qxh2+ $2 36. Kf1 $19) (35... Nxh2 $2 36. Qf2 $19) (35... Qxh2+ $2 36. Kf1 $19)) 35... Kh8 36. h3 (36. Re2 $142 Qh5 37. f7 Nxh2 38. Rf4 (38. fxe8=B $2 {geht unter.} Nxf3+ 39. Kf2 Nxe5+ $19) (38. Rxh2 Qxf3 39. e6 Qd1+ 40. Kg2 Qe2+ 41. Kg1 Qd1+ 42. Kg2 Qe2+ 43. Kg1 Qd1+ $11) 38... Nf3+ (38... Qxe2 $2 39. e6 $18) 39. Kf2 (39. Rxf3 Qxf3 40. e6 Rxe6 $14) 39... Nxe5 40. Qc3 (40. fxe8=R Qh2+ 41. Ke1 Qg1+ 42. Kd2 Nxc4+ 43. bxc4 Rxe8 $18) 40... Rxf7 (40... Qh2+ $2 41. Ke1 $18) 41. Rxf7) 36... Rxf6 37. exf6 Rxe1+ 38. Nxe1 Qxe1+ 39. Qf1 Ne5 40. Rf2 (40. Qxe1 $2 {ist das falsche Schlagen.} Nxf3+ 41. Kf1 Nxe1 42. Kxe1 Kg8 $19) 40... Qe3 41. Kh2 (41. Kg2 $18 Kg8 42. Qe2) 41... Kg8 $16 42. Qe2 Qd4 43. f7+ Kf8 $1 44. Kg3 Qd6 $2 (44... Qc3+ $16 45. Kg2 Qd4) 45. Kg2 $2 (45. Qd2 $18 Qxd2 46. Rxd2) 45... Qd5+ $14 46. Kh2 Qd4 $1 47. Rf1 (47. Kg1 {ist vielschichtiger.} c5 48. Kf1 Qd5 49. Qd2) 47... Qd6 $1 48. Kg2 Qd5+ 49. Kh2 Qd6 50. Kg1 Nxf7 51. Qf2 Qe6 52. Qxa7 Qxh3 53. Qb8+ Kg7 54. Qf4 Qe6 55. Qd4+ Kg8 56. Qf4 Kg7 57. Qd4+ Kg8 1/2-1/2

[Event "Baku Open 2024"]
[Site "Baku"]
[Date "2024.07.04"]
[Round "6.39"]
[White "Javadov, Habil"]
[Black "Raahul V S"]
[Result "1/2-1/2"]
[ECO "D02"]
[WhiteElo "2195"]
[BlackElo "2314"]
[Annotator "TA"]
[PlyCount "100"]
[EventDate "2024.06.29"]
[EventType "swiss"]
[EventCountry "AZE"]
[SourceTitle "playchess.com"]
[Source "ChessBase"]
[SourceQuality "1"]
[TimeControl "5400+30"]

1. d4 Nf6 2. Nf3 d5 3. Bf4 c5 4. e3 Nc6 5. c3 Qb6 6. Qc2 g6 7. Nbd2 Bg7 8. h3 O-O 9. Be2 Bd7 10. O-O Rfc8 11. Qb3 c4 12. Qxb6 axb6 13. a3 Ra5 14. Rfe1 Nh5 15. Bh2 f5 16. Rad1 Nf6 17. Ne5 Na7 (17... Be8 $14) 18. f3 {[%emt 0:07:33] White is more active.} (18. Nxd7 $1 $16 Nxd7 19. e4 fxe4 20. Bg4) 18... Ba4 $14 19. Rb1 Nd7 20. Nxd7 Bxd7 21. Bd1 Re8 22. e4 e5 $2 (22... Bh6 $14 23. Nf1 dxe4) 23. Bxe5 ({Only move:} 23. exd5 $18 exd4 24. Rxe8+ Bxe8 25. Nxc4) 23... Bxe5 $16 24. dxe5 Rxe5 25. Bc2 fxe4 26. fxe4 Ba4 (26... Bc6 $16 {was necessary.}) 27. Bxa4 $18 Rxa4 28. exd5 Rxd5 29. Ne4 Kg7 {[%emt 0:10:38] Prevents Nf6.} (29... Rd8 {is a better defense.} 30. Rbd1 Rd3 31. Rxd3 cxd3) 30. Rbd1 Raa5 31. Nd6 {[%emt 0:00:21] Repels Nc8} ({Much less strong is} 31. Nd2 $6 Rac5 $14) 31... Rxd1 32. Rxd1 {[%emt 0:00:05][%mdl 4096] Endgame. KRN-KRN} Rc5 33. Nxb7 Rc7 {[%emt 0:00:26] Prevents Rd7+} 34. Nd6 Kf8 {[%emt 0:00:04] Wards off Ne8} 35. a4 Ke7 36. Rd4 Nc6 37. Nb5 Nxd4 38. Nxc7 {[%emt 0:00:05] KN-KN} Ne2+ 39. Kf1 (39. Kf2 $18 Nf4 40. Ke3 Nxg2+ 41. Kd4) 39... Nf4 $14 {[%emt 0:00:34] [#]} 40. g3 $1 Nd3 {[%emt 0:00:40][%cal Oe7d6] White must now prevent ...Kd6!} 41. Nd5+ Kd6 $1 42. Nxb6 Nxb2 43. Ke2 Kc6 44. a5 Kb5 45. Nd7 Kxa5 {[%emt 0:00:11] [#]} 46. Kd2 (46. Ke3 $1 $16) 46... Ka4 $1 $11 {[%emt 0:00:04] The position is equal.} 47. Kc2 Nd3 48. Nf8 Nf2 49. h4 h5 ({But not} 49... Ne4 $6 50. Nxh7 Nxg3 51. Nf8 $14) 50. Nxg6 {[%emt 0:01:18] Strongly threatening Nf4.} Ne4 {[%emt 0:00:04] Black defended with fortune.   Weighted Error Value: White=0.18 (very precise) /Black=0.23 (precise) .  Loses game:     	---       	Black=1      Mistake:       	White=4     	Black=3      Inaccurate:     	White=1     	---        OK:         	White=19    	Black=15     Best:        	White=3     	Black=2      Strong:       	White=1     	Black=2} 1/2-1/2

[Event "Baku Open 2024"]
[Site "Baku"]
[Date "2024.07.04"]
[Round "6.40"]
[White "Bayramov, Elvin"]
[Black "Aarav Sinha"]
[Result "1/2-1/2"]
[ECO "B22"]
[WhiteElo "2155"]
[BlackElo "2300"]
[Annotator "TA"]
[PlyCount "121"]
[EventDate "2024.06.29"]
[EventType "swiss"]
[EventCountry "AZE"]
[SourceTitle "playchess.com"]
[Source "ChessBase"]
[SourceQuality "1"]
[TimeControl "5400+30"]

1. e4 c5 2. c3 Nf6 3. e5 Nd5 4. Bc4 Nb6 5. Bb3 c4 6. Bc2 Nc6 7. Nf3 d6 8. exd6 Qxd6 9. O-O Bg4 10. Re1 {[%emt 0:00:02] Against Ne5} O-O-O 11. b3 Qf6 $1 {[%emt 0:00:56] The position is equal.} 12. Na3 Bxf3 13. Qxf3 Qxf3 14. gxf3 cxb3 $1 15. axb3 e5 16. Be4 Nd5 17. Nc4 Kb8 18. b4 f6 19. Na5 (19. f4 $16) 19... Nxa5 $11 20. bxa5 g6 $1 {[%emt 0:02:16] [#]} 21. f4 $1 Nxf4 {[%emt 0:09:43] Threatening ...Nd3.} (21... exf4 $2 {too greedy.} 22. Rb1 $18) 22. Rb1 {[%emt 0:00:19] [#]} (22. d4 $1 $11 Bh6 23. dxe5 fxe5 24. c4) 22... Rd7 (22... Nd3 $1 $17 23. Rxb7+ Kc8) 23. d4 {[%emt 0:00:34] And now Bxf4 would win.} Bd6 24. Bxf4 exf4 25. Bd5 Be7 26. Rb5 {[%emt 0:00:00] Black must now prevent Reb1.} Bd8 {[%emt 0:12:03] [#]} (26... Rhd8 $11 27. Bxb7 Rxb7 28. Rxb7+ Kxb7 29. Rxe7+ Ka6) 27. Reb1 $1 $16 {[%emt 0:00:00] White is much more active.} b6 28. axb6 ({Better is} 28. Bc6 $16 Re7 29. c4) 28... axb6 $14 29. c4 Rf8 (29... h5 $14 {feels stronger.}) 30. Kg2 f5 31. Kf3 g5 32. Ra1 Ra7 33. Rxa7 Kxa7 $11 {[%emt 0:00:04][%mdl 4096] Endgame. KRB-KRB} 34. Rb2 Kb8 35. c5 Rf6 {[%emt 0:01:00] Inhibits Bc6.} 36. Ra2 bxc5 37. dxc5 Rh6 38. Ra8+ Kc7 39. Ra7+ Kc8 40. Rf7 Rxh2 41. Rxf5 h5 42. Rf7 Bc7 43. Rf8+ Bd8 44. Rf7 Bc7 45. Rf8+ Kd7 46. Rf7+ Kd8 47. Rf8+ Kd7 48. Rf7+ Kc8 49. Rf8+ Bd8 50. Rf7 g4+ 51. Kxf4 Rxf2+ 52. Kg3 Rc2 53. Rh7 Rc3+ 54. Kf2 g3+ 55. Kg2 h4 56. Kh3 (56. c6 $1 $11 {keeps the balance.}) 56... Rxc5 $17 57. Bg2 (57. Be6+ $142 Kb8 58. Rd7) 57... Rb5 (57... Rc4 $17) 58. Rf7 ({White should play} 58. Rxh4 $1 $15 Bxh4 59. Kxh4) 58... Rb4 59. Rg7 Rf4 60. Bb7+ Kb8 61. Bg2 {[%emt 0:00:05] Weighted Error Value: White=0.16 (very precise) /Black=0.13 (very precise) .  Mistake:       	White=6     	Black=4      Inaccurate:     	White=3     	Black=3      OK:         	White=18    	Black=19     Best:        	White=1     	Black=1      Strong:       	White=1     	Black=3} 1/2-1/2

[Event "Baku Open 2024"]
[Site "Baku"]
[Date "2024.07.04"]
[Round "6.41"]
[White "Dolgun, Can"]
[Black "Ismayil, Malak"]
[Result "0-1"]
[ECO "C69"]
[WhiteElo "2264"]
[BlackElo "2165"]
[Annotator "TA"]
[PlyCount "76"]
[EventDate "2024.06.29"]
[EventType "swiss"]
[EventCountry "AZE"]
[SourceTitle "playchess.com"]
[Source "ChessBase"]
[SourceQuality "1"]
[TimeControl "5400+30"]

1. e4 e5 2. Nf3 Nc6 3. Bb5 a6 4. Bxc6 dxc6 5. O-O f6 6. d4 exd4 7. Nxd4 c5 8. Ne2 Bg4 {[%emt 0:11:58] [#] ...Qxd1 would now be deadly.} 9. f3 Be6 10. Nf4 (10. Qe1 $14 {was preferrable.}) 10... Bc4 $11 {[%emt 0:02:02] The position is equal.} 11. Re1 Bd6 (11... Qxd1 $11 12. Rxd1 Bd6) 12. Na3 $14 Bf7 13. Nd5 (13. Qe2 $14) 13... b5 $11 14. Bf4 Ne7 15. Bxd6 Qxd6 16. c4 c6 17. e5 fxe5 18. Nb6 Qxd1 (18... Rd8 $17 {And now ...Qb8 would win.} 19. Qxd6 Rxd6) 19. Raxd1 Rd8 20. Rxd8+ {[%emt 0:00:00] White does not recover from this.} (20. Nb1 $11 {and White has nothing to worry.}) 20... Kxd8 $19 21. Rd1+ $2 {[%emt 0:00:00] [#]} (21. Rxe5 Re8 22. cxb5 axb5 23. Nxb5 cxb5 24. Rxc5) 21... Kc7 22. Rd7+ Kxb6 23. Rxe7 {[%emt 0:00:00][%mdl 4096] Endgame. KRB-KRN} Rf8 (23... Bxc4 24. Nxc4+ bxc4 25. Kf1 $17) 24. Rxe5 (24. h4 {might work better.}) 24... b4 ({Inferior is} 24... bxc4 25. Rf5 c3 26. bxc3 $16 (26. Nc4+ $2 Bxc4 27. Rxf8 c2 $19)) ({Not} 24... Bxc4 25. Nxc4+ bxc4 26. Kf1 $17) 25. Nc2 Bxc4 26. b3 Bg8 27. Kf2 a5 28. Ke1 Rd8 29. Re2 (29. h4 {was worth a try.}) 29... c4 30. Re3 c5 {[%emt 0:02:03] Hoping for ...c3.} 31. f4 c3 32. f5 c4 33. bxc4 Bxc4 34. a4 Bb3 35. Re2 Bxc2 36. Rxc2 Kc5 {[%emt 0:00:02] Black mates.} 37. g4 Kc4 38. g5 b3 {[%emt 0:00:03] Weighted Error Value: White=0.82/Black=0.11 (very precise) .  Mistake:       	White=6     	Black=2      Inaccurate:     	White=3     	---        OK:         	White=7     	Black=11     Best:        	---       	Black=3} 0-1

[Event "Baku Open 2024"]
[Site "Baku"]
[Date "2024.07.04"]
[Round "6.42"]
[White "Avinash Ramesh"]
[Black "Prokhorov, Aleksey"]
[Result "1/2-1/2"]
[ECO "B23"]
[WhiteElo "2252"]
[BlackElo "2161"]
[Annotator "TA"]
[PlyCount "46"]
[EventDate "2024.06.29"]
[EventType "swiss"]
[EventCountry "AZE"]
[SourceTitle "playchess.com"]
[Source "ChessBase"]
[SourceQuality "1"]
[TimeControl "5400+30"]

1. e4 c5 2. Nc3 d6 3. d4 cxd4 4. Qxd4 Nf6 5. b3 e5 6. Qd3 Be7 7. Bb2 Nbd7 8. O-O-O {[%emt 0:00:46] The position is equal.} Nc5 9. Qe2 (9. Qe3 $11) 9... a6 10. f4 {[%emt 0:02:25] Black must now prevent fxe5.} Qc7 $1 11. fxe5 dxe5 12. Nf3 O-O 13. h3 b5 14. g4 $2 (14. Kb1 $17) 14... Bb7 $19 15. Nd5 Nxd5 16. exd5 e4 17. Ne5 Bd6 $2 (17... Rfd8 $19 18. c4 Bd6) 18. Nc6 $17 Bxc6 19. dxc6 Qxc6 {[%emt 0:00:29] aiming for ...Nd3+.} 20. Bg2 Rfe8 21. Qd2 Rad8 22. Kb1 {[%emt 0:02:56] [#]} Ne6 $1 23. Rhf1 {[%emt 0:07:49] [#]} Be5 $1 {[%emt 0:21:26][%mdl 512] Weighted Error Value: White=0.26 (precise) /Black=0.20 (precise) .  Missed win:     	---       	Black=1      Mistake:       	White=2     	---        Inaccurate:     	White=1     	Black=1      OK:         	White=5     	Black=6      Best:        	White=1     	Black=2      Strong:       	---       	Black=2} 1/2-1/2

[Event "Baku Open 2024"]
[Site "Baku"]
[Date "2024.07.04"]
[Round "6.43"]
[White "Ghoreishi Amiri, Seyed Kian"]
[Black "Davudov, Tunar"]
[Result "0-1"]
[ECO "B24"]
[WhiteElo "2126"]
[BlackElo "2249"]
[Annotator "TA"]
[PlyCount "78"]
[EventDate "2024.06.29"]
[EventType "swiss"]
[EventCountry "AZE"]
[SourceTitle "playchess.com"]
[Source "ChessBase"]
[SourceQuality "1"]
[TimeControl "5400+30"]

1. e4 c5 2. Nf3 e6 3. g3 Nc6 4. Bg2 d5 5. exd5 exd5 6. d4 Nf6 7. O-O Be7 8. Nc3 O-O 9. Bg5 cxd4 10. Nxd4 h6 11. Bf4 Qb6 12. Nb3 d4 {[%emt 0:07:28] The position is equal.} 13. Nd5 Nxd5 14. Bxd5 Bh3 15. Re1 {[%emt 0:02:33] Hoping for Qh5.} Bb4 16. Nd2 Qa5 17. Be4 Be6 18. a3 Be7 (18... Bxd2 $1 $14 19. Qxd2 (19. Bxd2 Qc7 $11) 19... Qxd2 20. Bxd2 Rfd8) 19. Nb3 Bxb3 (19... Qd8 $142) 20. cxb3 $16 {[%emt 0:04:16] Bxc6 would now be deadly.} Bf6 21. b4 Qb5 22. Rc1 {[%emt 0:04:19] And now Qg4 would win.} Rfe8 23. Rc5 {[%emt 0:03:38] Dodges Ne5} Qb6 {[%emt 0:00:02] Black is weak on the light squares} 24. Qh5 {[%emt 0:00:50] Threatens to win with Qf5.} Re6 25. b5 $2 {[%emt 0:04:20][%mdl 8192] This move loses the game for White.} (25. Rb5 $16 {and life is bright.} Qa6 26. Rd5) 25... g6 $1 $19 26. Qd5 {[%emt 0:02:39] [#]} Rd8 $1 27. Qc4 {[%emt 0:04:00] [#]} Na5 28. Qb4 {[%emt 0:01:22][%cal Of4c7] Strongly threatening Bc7!} Be7 29. Qa4 $2 (29. Bc7 Bxc5 30. Qxa5 Qxa5 31. Bxa5) 29... Qxc5 30. Qxa5 Qb6 (30... d3 $142 31. Be3 Qc2) 31. Qd2 $2 (31. Qxb6 axb6 (31... Rxb6 32. Bc7 $11) 32. Kf1) 31... Bg5 ({But not} 31... Qxb5 32. h4 $19) 32. Bxg5 hxg5 33. Qxg5 $2 {[%emt 0:00:31] [#]} (33. Bd3) 33... f5 $1 34. h4 (34. a4 fxe4) 34... Rxe4 35. Rxe4 fxe4 36. h5 d3 {[%emt 0:00:13] ( -> ...d2)} 37. h6 d2 {[%emt 0:00:16] Black mates.} 38. h7+ Kxh7 39. Qe7+ Kg8 {[%emt 0:00:04] Weighted Error Value: White=1.21/Black=0.32.  Loses game:     	White=1     	---        Mistake:       	White=3     	Black=2      Inaccurate:     	White=2     	Black=3      OK:         	White=11    	Black=6      Best:        	White=1     	Black=2      Strong:       	---       	Black=2} 0-1

[Event "Baku Open 2024"]
[Site "Baku"]
[Date "2024.07.04"]
[Round "6.44"]
[White "Allahverdiyeva, Ayan"]
[Black "Rebecca Jesumarian"]
[Result "1-0"]
[ECO "B90"]
[WhiteElo "2133"]
[BlackElo "1866"]
[Annotator "NA RC"]
[PlyCount "91"]
[EventDate "2024.06.29"]
[EventType "swiss"]
[EventCountry "AZE"]
[SourceTitle "playchess.com"]
[Source "ChessBase"]
[SourceQuality "1"]
[TimeControl "5400+30"]

1. e4 c5 2. Nf3 d6 3. d4 cxd4 4. Nxd4 Nf6 5. Nc3 a6 6. h3 e5 7. Nb3 Be7 8. g4 h6 9. Be3 Qc7 10. Qf3 b5 11. Bd3 Bb7 12. h4 Nbd7 13. g5 hxg5 14. hxg5 Rxh1+ 15. Qxh1 Ng4 16. Bd2 b4 17. Nd1 d5 18. Be2 dxe4 19. Bxg4 Nf8 20. Ne3 a5 21. Qh8 g6 22. Be2 Bc6 23. Nc4 a4 24. Qxe5 Qxe5 25. Nxe5 Bd5 26. Nd4 Bc5 27. Ndc6 a3 28. b3 Ne6 29. Nxb4 Bb7 30. Bb5+ Ke7 31. Nbc6+ Kd6 32. Rd1 Bxc6 33. Nxc6 Kc7 34. b4 Bd6 35. Be3 Rh8 36. c3 Rh5 37. Nd4 Nf4 38. Bf1 Be5 39. Bxf4 Bxf4 40. Nb5+ Kb6 41. Nxa3 Bxg5 42. Rd7 Bh4 43. Rxf7 e3 44. Nc4+ Kc6 45. Bg2+ Kb5 46. Nxe3 1-0